 Dungeon Crawl Stone Soup version 0.23.2-1-ga50397a6bc (webtiles) character file.

Game seed: 7499252933716300916

96 Gargoyl the Skirmisher (level 4, 0/38 HPs)
             Began as a Centaur Abyssal Knight on May 2, 2019.
             Was a Believer of Lugonu.
             Slain by an orc warrior
             ... wielding a +0 mace
              (12 damage)
             ... on level 1 of the Dungeon.
             The game lasted 00:03:11 (2448 turns).

Gargoyl the Skirmisher (Centaur Abyssal Knight)     Turns: 2448, Time: 00:03:11

Health: 0/38       AC: 12    Str: 13 (15) XL:     4   Next: 41%
Magic:  6/6        EV:  4    Int:  9 (11) God:    Lugonu [**....]
Gold:   101        SH:  0    Dex:  7 (9)  Spells: 3/3 levels left

rFire    . . .     SeeInvis .   a - +1 hand axe
rCold    . . .     Gourm    .   (no shield)
rNeg     . . .     Faith    .   d - +4 chain mail
rPois    .         Spirit   .   (no helmet)
rElec    .         Reflect  .   (no cloak)
rCorr    .         Harm     .   e - +0 pair of gloves (curse)
MR       .....                  (no barding)
Stlth    ..........             (no amulet)
HPRegen  0.12/turn              (no ring)
MPRegen  0.10/turn              (no ring)

@: very quick
A: large, hooves 3, deformed body, speed 2, tough skin 3
a: Depart the Abyss, Bend Space, Renounce Religion


You were on level 1 of the Dungeon.
You worshipped Lugonu.
Lugonu was pleased with you.
You were not hungry.

You visited 1 branch of the dungeon, and saw 2 of its levels.
You visited the Abyss 1 time.

You collected 101 gold pieces.

Inventory:

Hand Weapons
 a - a +1 hand axe (weapon)
Armour
 d - a +4 chain mail (worn)
 e - a cursed +0 pair of gloves (worn)
Scrolls
 f - a scroll of enchant armour {unknown}
 i - a scroll of enchant weapon {unknown}
 k - a scroll of amnesia {unknown}
 l - a scroll of immolation {unknown}
 n - 2 scrolls of identify {unknown}
Comestibles
 c - 4 rations


   Skills:
 + Level 3.5 Fighting
 + Level 2.3 Axes
 * Level 2.2 Armour
 * Level 1.3 Dodging
 * Level 2.7 Invocations


You had 3 spell levels left.
You didn't know any spells.
Your spell library contained the following spells:

 Spells                   Type           Power        Failure   Level  Hunger
 Corona                   Hex            #......      100%        1    ##.....
 Ensorcelled Hibernation  Hex/Ice        #.....       100%        2    ###....
 Confuse                  Hex            #.......     100%        3    ####...
 Dazzling Spray           Conj/Hex       #.....       100%        3    ####...
 Tukima's Dance           Hex            #.......     100%        3    ####...


Dungeon Overview and Level Annotations

Branches:
Dungeon (2/15)

Altars:


Innate Abilities, Weirdness & Mutations

You have hooves in place of feet.
Armour fits poorly on your strangely shaped body.
You cover ground very quickly.
You have extremely tough skin. (AC +3)


Message History

There is a stone staircase leading down here.
You closely miss the orc warrior.
The orc warrior is moderately wounded.
The orc warrior hits you but does no damage.
You hit the orc warrior but do no damage.
The orc warrior is moderately wounded.
The orc warrior hits you with a +0 mace!
You barely miss the orc warrior.
The orc warrior is moderately wounded.
The orc warrior hits you with a +0 mace.
You hit the orc warrior.
The orc warrior is heavily wounded.
The orc warrior hits you but does no damage.
You slash the orc warrior! Your kick misses the orc warrior.
The orc warrior is severely wounded.
The orc warrior hits you with a +0 mace.
You hit the orc warrior.
The orc warrior is severely wounded.
The orc warrior hits you with a +0 mace!
You die...

###################
..[.............@>#
#################o#
......# #.# ......#
####.# ......#
#.##.# ......#
####.##.# #.....#
#.......# #.....#
#.##.#### #.....#
#.##.#


You could see an orc warrior.

Vanquished Creatures
  2 gnolls
  2 adders (D:2)
  2 worms (D:2)
  2 dart slugs
  2 leopard geckos
  An orc (D:2)
  9 bats
  2 giant cockroaches
  4 goblins
  8 hobgoblins
  A quokka (D:2)
  2 frilled lizards
  5 kobolds
  3 rats
45 creatures vanquished.

Notes
Turn   | Place    | Note
-------+----------+-------------------------------------------
     0 | Abyss:1  | Gargoyl the Centaur Abyssal Knight began the quest for the
                  | Orb.
     0 | Abyss:1  | Reached XP level 1. HP: 19/19 MP: 2/2
    47 | Abyss:2  | Noticed a thrashing horror
    57 | D:1      | Escaped the Abyss
   244 | D:1      | Reached * piety under Lugonu
   272 | D:1      | Reached XP level 2. HP: 21/26 MP: 3/3
   911 | D:1      | Reached XP level 3. HP: 30/31 MP: 4/4
   965 | D:2      | Reached skill level 1 in Dodging
  1915 | D:2      | Reached XP level 4. HP: 30/38 MP: 5/5
  2152 | D:2      | Noticed an orc warrior
  2430 | D:2      | Reached ** piety under Lugonu
  2448 | D:1      | Slain by an orc warrior

Skill      XL: |  1  2  3 |
---------------+----------+-----
Axes           | 2 |  2.3
Dodging        | 1 |  1.3
Armour         | 2 |  2.2
Fighting       | |  3.5
Invocations    | |  2.7

Action                   |  1- 3 |  4- 6 || total
-------------------------+-------+-------++-------
Melee: Hand axe          |   142 |    56 ||   198
       Kick              |    23 |     4 ||    27
Invok: Depart the Abyss  |     1 |       ||     1
  Use: Potion            |     5 |       ||     5
  Eat: Chunk             |     1 |       ||     1
       Ration            |       |     1 ||     1
Armor: Chain mail        |   139 |    40 ||   179
Dodge: Dodged            |    46 |    12 ||    58
